 Dungeon Crawl Stone Soup version 0.30.1-4-g462c640d31 (webtiles) character file.

Game seed: 2133222236200453931

154 rvierbuc the Cutter (level 5, 0/58 HPs)
             Began as a Demonspawn Gladiator on Aug 24, 2023.
             Slain by a bullfrog (6 damage)
             ... in a sewer.
             The game lasted 00:12:14 (3936 turns).

rvierbuc the Cutter (Demonspawn Gladiator)          Turns: 3936, Time: 00:12:15

Health: 0/58       AC: 22    Str: 15    XL:     5   Next: 13%
Magic:  13/14      EV:  2    Int: 11    God:
Gold:   144        SH:  0    Dex: 14    Spells: 1/4 levels left

rFire   + . .        a - +0 rapier
rCold   + . .        (no shield)
rNeg    . . .        b - melded +0 leather armour
rPois   +            (helmet currently unavailable)
rElec   +            (cloak currently unavailable)
rCorr   +            (gloves currently unavailable)
SInv    .            (boots currently unavailable)
Will    .....        (no amulet) Stlth
                     l - ring of magical power
HPRegen 0.29/turn    (no ring)
MPRegen 0.14/turn

%: no passive effects
@: tree-form, silenced, resistant, very slow
A: stationary, stasis, torment immunity, boosted hp, (horns 2), ignite blood 1
a: no special abilities


You were in a sewer.
You were a tree.
You visited 1 branch of the dungeon, and saw 4 of its levels.
You also visited: Sewer.

You collected 144 gold pieces.

Inventory:

Hand Weapons
 a - a +0 rapier (weapon)
 q - a +1 dagger of protection
Missiles
 d - 2 throwing nets (quivered)
 e - 6 javelins
Armour
 b - a +0 leather armour (melded)
 c - a +0 helmet
 m - a +0 chain mail
 s - a +1 helmet
Jewellery
 l - a ring of magical power (left branch)
Wands
 u - a wand of paralysis (12)
 w - a wand of iceblast (6)
Scrolls
 h - a scroll of summoning {unknown}
 i - a scroll of enchant weapon {unknown}
 j - a scroll of silence
 n - a scroll of vulnerability {unknown}
 o - 4 scrolls of identify {unknown}
 p - 2 scrolls of immolation {unknown}
Potions
 k - a potion of resistance
 r - a potion of haste {unknown}
 t - a potion of might {unknown}
 v - a potion of degeneration {unknown}
 x - a potion of lignification
 z - a potion of brilliance {unknown}
 A - a potion of flight {unknown}
 B - a potion of magic {unknown}


   Skills:
 + Level 2.5 Fighting
 + Level 3.8 Short Blades
 + Level 1.8 Throwing
 + Level 2.1 Armour
 + Level 3.4 Dodging
 + Level 0.2 Stealth


You had one spell level left.
You knew the following spells:

 Your Spells              Type           Power      Damage    Failure   Level
a - Summon Guardian Gole  Hex/Summ       0%         N/A       71%         3

Your spell library contained the following spells:

 Spells                   Type           Power      Damage    Failure   Level
 Gell's Gravitas          Tloc           0%         N/A       71%         3
 Teleport Other           Tloc           0%         N/A       71%         3
 Dispersal                Tloc           0%         N/A       100%        6
 Orb of Destruction       Conj           0%         9d5       100%        7
 Spellforged Servitor     Conj/Summ      0%         N/A       100%        7


Dungeon Overview and Level Annotations

Branches:
Dungeon (4/15)              Sewer (1/1)
 Temple: D:4-7

Altars:
Trog

Annotations:
D:4 2 transporters


Innate Abilities, Weirdness & Mutations

You are a tree.
Your roots penetrate the ground, keeping you stationary.
You cannot be teleported.
You are immune to unholy pain and torment.
Your maximum health is greatly increased.
Your equipment is partially melded.
((You have a pair of horns on your head.))
Your demonic aura sometimes causes spilled blood to erupt in flames.


Message History

A profound silence engulfs you.
It was a scroll of silence.
The bullfrog closely misses you. The bullfrog hits you.
* * * LOW HITPOINT WARNING * * *
The bullfrog hits you.
* * * LOW HITPOINT WARNING * * *
You feel better. The bullfrog barely misses you. The bullfrog hits you.
* * * LOW HITPOINT WARNING * * *
The bullfrog closely misses you.
Your magical contamination has completely faded away.
Press: ? - help, v - describe, . - travel Some shallow water.
This square is shrouded in silence.
It was a potion of lignification.
You turn into a tree.
Your +0 leather armour melds into your body.
Your roots penetrate the ground.
The bullfrog hits you but does no damage. x3
You hit the bullfrog.
The bullfrog is moderately wounded.
The bullfrog hits you but does no damage. x3
You barely miss the bullfrog.
The bullfrog is moderately wounded.
The bullfrog hits you but does no damage. x3
You barely miss the bullfrog.
The bullfrog is moderately wounded.
The bullfrog hits you but does no damage. x3
You hit the bullfrog.
The bullfrog is moderately wounded.
The bullfrog hits you but does no damage.
The giant cockroach waves its antennae.
The bullfrog hits you but does no damage. x2
You hit the bullfrog.
The bullfrog is heavily wounded.
The bullfrog hits you but does no damage. x3
You barely miss the bullfrog.
The bullfrog is heavily wounded.
The bullfrog hits you but does no damage.
The bullfrog hits you.
* * * LOW HITPOINT WARNING * * *
The bullfrog hits you.
You die...

#~~##~.~#####~~.##~~#~.#
#.~#~~~## ##~†.#..##.##
.~.#~~## ##~.#~~~#~.#
~~##~~# #~~###~#~.#
~.#~†##≈≈~~..≈##.~~#~#~~#
†~#~~# ≈~...~~ #~.∩#.#~.#
~†#~~# ≈..~~~. #~~~#†#~~#
~~#~~# ~~[.~.~ #.~##~#.~#
.~#~~# ~.)?~.~ #♣~#.~#.~#
~~#~~# ~./$$~~ #FF#..#~~#
~~#~~##≈~.?~.~##SS#~~..~#
~~##~~#≈~~.~~B~~B.#~.~~~#
~~~#~~##≈~~.~.~~###†~~.~#
#~~#~.†##≈~~~~###~#######
#~~##~~.#######~~~~~#
#.~~#.~.~~~~~~~..~~~#
##~~##~.~.~~†~~##~.##


You could see 2 bullfrogs, a giant cockroach and 2 ball pythons.

Vanquished Creatures
  An orc wizard (D:3)
  3 adders
  5 dart slugs
  2 orcs (D:3)
  11 endoplasms
  10 giant cockroaches
  6 goblins
  3 hobgoblins
  7 quokkas
  18 ball pythons
  6 bats
  7 frilled lizards
  3 kobolds
  4 rats
86 creatures vanquished.

Notes
Turn   | Place    | Note
-------+----------+-------------------------------------------
     0 | D:1      | rvierbuc the Demonspawn Gladiator began the quest for the
                  | Orb.
     0 | D:1      | Reached XP level 1. HP: 16/16 MP: 1/1
    63 | D:1      | Gained mutation: You have a pair of small horns on your
                  | head. [demonic ancestry]
    63 | D:1      | Reached XP level 2. HP: 18/22 MP: 2/2
   139 | D:1      | You fall into a shaft and drop 1 floor!
  1042 | D:2      | Reached XP level 3. HP: 25/27 MP: 3/3
  1445 | D:2      | Found a faded altar of an unknown god.
  2061 | D:3      | Reached skill level 1 in Armour
  2062 | D:3      | HP: 1/27 [poisoned by an adder]
  2327 | D:3      | HP: 1/27 [poisoned by an adder]
  2328 | D:3      | Gained mutation: You have a pair of horns on your head.
                  | [demonic ancestry]
  2328 | D:3      | Reached XP level 4. HP: 2/33 MP: 4/4
  2739 | D:3      | Found a bloodstained altar of Trog.
  2923 | D:4      | Noticed an ogre
  2964 | D:4      | Noticed an orc warrior
  2965 | D:4      | Noticed a bullfrog
  2971 | D:4      | Found a transporter.
  2981 | D:4      | Found a transporter.
  3003 | D:4      | Found a glowing drain.
  3013 | Sewer    | Entered a sewer
  3577 | Sewer    | Learned a level 3 spell: Summon Guardian Golem
  3650 | Sewer    | Gained mutation: Your demonic aura sometimes causes spilled
                  | blood to erupt in flames. [demonic ancestry]
  3650 | Sewer    | Reached XP level 5. HP: 30/39 MP: 5/5
  3928 | Sewer    | HP: 1/39 [bullfrog (5)]
  3936 | Sewer    | Slain by a bullfrog

Illustrated notes

Levels and vault maps discovered:
D:1:      dpeg_arrival_rooms_b, layout_basic
D:2:      minmay_inner_zag, layout_basic, hellmonk_ecumenical_altar_run_dry,
          minmay_misc_feat_alley
D:3:      layout_basic, lemuel_coloured_pillars_altar
D:4:      layout_cave_pods, gammafunk_temple_overflow_arena,
          portal_sewer_entry_f
Sewer:    sewer_frog_island_02

Skill      XL: |  1  2  3  4 |
---------------+-------------+-----
Dodging        | 3 |  3.4
Short Blades   | 3 |  3.8
Armour         | 1 2 |  2.1
Fighting       | |  2.5
Throwing       | |  1.8
Stealth        | |  0.2

Action                     |  1- 3 |  4- 6 || total
---------------------------+-------+-------++-------
  Melee: Rapier            |   173 |   190 ||   363
         Punch             |     2 |     1 ||     3
         Headbutt          |    17 |    20 ||    37
  Throw: Throwing net      |       |     1 ||     1
    Use: Scroll            |       |     3 ||     3
         Potion            |       |     6 ||     6
   Stab: Sleeping          |     1 |       ||     1
 Armour: Leather armour    |    40 |    78 ||   118
         Skin              |       |    19 ||    19
  Dodge: Dodged            |   113 |   185 ||   298
